 Dungeon Crawl Stone Soup version 0.26-a0-639-g72c4674329 (webtiles) character file.

Game seed: 13042788165138898834

(classic levelgen) 466 EnegeticOcto the Chopper (level 6, -6/57 HPs)
             Began as a Deep Dwarf Fighter on Sept 28, 2020.
             Mangled by Harold
             ... wielding a +4 dire flail of holy wrath
              (12 damage)
             ... on level 7 of the Dungeon.
             The game lasted 00:01:16 (980 turns).

EnegeticOcto the Chopper (Deep Dwarf Fighter)        Turns: 980, Time: 00:01:16

Health: -6/57      AC:  8    Str: 21    XL:     6   Next: 81%
Magic:  5/5        EV:  7    Int:  9    God:
Gold:   70         SH: 10    Dex: 12    Spells: 5/5 levels left

rFire    . . .     SeeInvis .   a - +0 war axe
rCold    . . .     Faith    .   c - +0 kite shield
rNeg     . . .     Spirit   .   b - +0 scale mail
rPois    .         Reflect  .   i - +0 helmet
rElec    .         Harm     .   (no cloak)
rCorr    .         Rampage  .   (no gloves)
MR       .....                  (no boots)
Stlth    ..........             (no amulet)
HPRegen  0.00/turn              o - +4 ring of slaying
MPRegen  0.09/turn              (no ring)

@: mesmerised, non-regenerating, lightly drained
A: damage resistance, heal wounds, sense surroundings 1, no regeneration
a: Heal Wounds


You were on level 7 of the Dungeon.
You visited 1 branch of the dungeon, and saw 5 of its levels.

You collected 70 gold pieces.

Inventory:

Hand Weapons
 a - a +0 war axe (weapon)
Armour
 b - a +0 scale mail (worn)
 c - a +0 kite shield (worn)
 i - a +0 helmet (worn)
Jewellery
 o - a +4 ring of slaying (left hand)
 q - a +4 ring of protection
Wands
 m - a wand of disintegration (22)
Scrolls
 f - a scroll of fog {unknown}
 g - 2 scrolls of blinking {unknown}
 h - 6 scrolls of identify {unknown}
 k - a scroll of fear {unknown}
 l - a scroll of noise {unknown}
 n - a scroll of remove curse {unknown}
 s - a scroll of teleportation {unknown}
Potions
 d - 2 potions of might {@q3}
 e - a potion of resistance {unknown}
 j - a potion of brilliance {unknown}
 p - 3 potions of heal wounds {unknown}
 r - a potion of invisibility {unknown}


   Skills:
 + Level 3.9(3.5) Fighting
 * Level 5.4(5.0) Axes
 + Level 4.8(4.4) Armour
 + Level 4.8(4.4) Shields


You had 5 spell levels left.
You didn't know any spells.
Your spell library was empty.

Dungeon Overview and Level Annotations

Branches:
Dungeon (4/15)
 Temple: D:4-7

Altars:
Sif Muna

Annotations:
D:7 Harold, Maggie


Innate Abilities, Weirdness & Mutations

You are resistant to damage.
You can heal yourself by infusing magical energy.
You passively map a small area around you.
You do not regenerate.


Message History

No target in view!
No target in view!
No target in view!
No target in view!
No target in view!
You feel much better.
p - 3 fuming red potions (gained 1) Maggie the Vainglorious comes into view.
She is wielding a +0 scimitar of draining and carrying a wand of acid (9).
Maggie shouts!
Harold the Weathered comes into view.
He is wielding a +4 dire flail of holy wrath.
There are monsters nearby!
There are monsters nearby!
There are monsters nearby!
There are monsters nearby!
Harold shouts!
A centaur comes into view.
The centaur shouts!
You hit Maggie but do no damage.
Maggie casts a spell.
Maggie attempts to bespell you!
You are mesmerised by Maggie!
You hit Maggie but do no damage.
Maggie hits you with a +0 scimitar of draining!
You feel drained.
Harold grumbles, "Just give up already, I want to go home!"
You slash Maggie!
Maggie is moderately wounded.
You closely miss Harold.
Harold hits you with a +4 dire flail of holy wrath!
Maggie mumbles some strange words.
Maggie draws you further into her thrall.
You completely miss Harold. Harold barely misses you.
You hit Harold but do no damage. Harold barely misses you.
You slash Harold!
Harold is lightly wounded.
Maggie casts a spell.
Maggie draws you further into her thrall.
Harold hits you with a +4 dire flail of holy wrath!
You are too injured to fight recklessly!
You are too injured to fight recklessly!
You are too injured to fight recklessly!
You are too injured to fight recklessly!
You are too injured to fight recklessly!
You are too injured to fight recklessly!
You are too injured to fight recklessly!
You are too injured to fight recklessly!
You are too injured to fight recklessly!
You are too injured to fight recklessly!
You are too injured to fight recklessly!
You are too injured to fight recklessly!
You are too injured to fight recklessly!
You are too injured to fight recklessly!
You are too injured to fight recklessly!
You are too injured to fight recklessly!
You are too injured to fight recklessly!
You are too injured to fight recklessly!
You are too injured to fight recklessly!
You are too injured to fight recklessly!
You are too injured to fight recklessly!
You are too injured to fight recklessly!
You are too injured to fight recklessly!
You are too injured to fight recklessly!
You are too injured to fight recklessly!
You are too injured to fight recklessly!
You are too injured to fight recklessly!
You are too injured to fight recklessly!
You are too injured to fight recklessly!
You are too injured to fight recklessly!
Unknown command.
Unknown command.
Unknown command.
Unknown command.
Unknown command.
Unknown command.
Unknown command.
Unknown command.
Unknown command.
Unknown command.
Unknown command.
Unknown command.
Unknown command.
Unknown command.
Unknown command.
Unknown command.
Unknown command.
Unknown command.
Unknown command.
Unknown command.
Unknown command.
You slash Harold!
Harold is moderately wounded.
Harold hits you with a +4 dire flail of holy wrath!!
* * * LOW HITPOINT WARNING * * *
You hit Harold.
Harold is moderately wounded.
You block Harold's attack.
You hit Harold.
Harold is moderately wounded.
Harold hits you with a +4 dire flail of holy wrath!
You die...

, * , * , ,, ,
, , * * * * , ,
,, , * , * * *
* # ,
....####### *
#...c@@@..#
#...#####.## ,
#,..####...## *
,..........## *
* ,
,,,.###.......#
* * ##.....## *
#....## , ,
#.#.## * , ,
...#.#


You could see Harold, Maggie (mesmerising) and a centaur.

Vanquished Creatures
  A phantom (D:7)
  An ogre (D:4)
  A scorpion (D:4)
  A centaur skeleton (D:4)
  2 orc priests
  3 orc wizards
  2 adders
  3 gnolls (D:2)
  An adder skeleton (D:4)
  A worm (D:4)
  A dart slug (D:3)
  A leopard gecko (D:4)
  10 orcs
  A bat (D:3)
  2 goblins (D:1)
  A kobold (D:3)
  A frilled lizard (D:1)
33 creatures vanquished.

Notes
Turn   | Place    | Note
-------+----------+-------------------------------------------
     0 | D:1      | EnegeticOcto the Deep Dwarf Fighter began the quest for the
                  | Orb.
     0 | D:1      | Reached XP level 1. HP: 20/20 MP: 1/1
   134 | D:2      | Reached XP level 2. HP: 18/27 MP: 2/2
   143 | D:2      | Reached skill level 3 in Axes
   143 | D:2      | Reached XP level 3. HP: 21/33 MP: 2/2
   426 | D:3      | Reached XP level 4. HP: 41/42 MP: 3/3
   577 | D:4      | Found a shimmering blue altar of Sif Muna.
   633 | D:4      | Noticed an ogre
   647 | D:4      | Killed an ogre
   647 | D:4      | Reached skill level 4 in Axes
   647 | D:4      | Reached XP level 5. HP: 49/49 MP: 4/4
   693 | D:4      | Reached XP level 6. HP: 54/56 MP: 5/5
   928 | D:4      | Reached skill level 5 in Axes
   933 | D:4      | You fall into a shaft and drop 3 floors!
   968 | D:7      | Noticed Maggie
   968 | D:7      | Noticed Harold
   980 | D:7      | Mangled by Harold

Illustrated notes

Levels and vault maps discovered:
D:1:      ebering_hopf_link, layout_rooms, minmay_misc_feat_hallway
D:2:      lemuel_upstairs_altar, layout_loops_corners, minmay_goblin_outpost
D:3:      layout_loops_corners, chequers_ecumenical_altar_simple_redux,
          uniq_grinder
D:4:      layout_basic, lemuel_crystal_altar
D:7:      layout_loops_ring, gammafunk_temple_overflow_claw,
          kennysheep_little_box, uniq_crazy_yiuf_cottage, uniq_harold,
          uniq_maggie

Skill      XL: |  1  2  3  4  5  6 |
---------------+-------------------+-----
Axes           | 3 4 5 |  5.4
Fighting       | 3 |  3.9
Shields        | 4 |  4.8
Armour         | 4 |  4.8

Action                   |  1- 3 |  4- 6 || total
-------------------------+-------+-------++-------
Melee: War axe           |    37 |   109 ||   146
 Abil: Heal Wounds       |     3 |     4 ||     7
Armor: Scale mail        |    11 |    40 ||    51
Dodge: Dodged            |    19 |    20 ||    39
Block: Kite shield       |    25 |    53 ||    78

Table legend: (Time is in decaauts)
 A = Elapsed time spent in this place.
 B = Non-inter-level travel time spent in this place.
 C = Inter-level travel time spent in this place.
 D = Time resting spent in this place.
 E = Time spent auto-exploring this place.
 F = Levels seen in this place.
 G = Mean time per level.
                   A        B        C        D        E       F      G
               +--------+--------+--------+--------+--------+-----+--------+
         Total |   1042 |    970 |     72 |      0 |    644 |   5 |  208.4 |
       Dungeon |   1042 |    970 |     72 |      0 |    644 |   5 |  208.4 |
               +--------+--------+--------+--------+--------+-----+--------+

Top non-repeatable levels by time:
     D:4: 481 daAuts
     D:3: 241 daAuts
     D:2: 137 daAuts
     D:1: 129 daAuts
     D:7: 52 daAuts
